 Seeded DCSS version 0.31-a0-507-gbafd7f5274 (webtiles) character file.

Game seed: 7415222406553760909 (custom seed)

44 innerfire43 the Ruffian (level 3, -1/28 HPs)
             Began as a Gnoll Shapeshifter on Aug 9, 2023.
             Slain by a goblin
             ... wielding a +0 club
             ... led by Robin
              (6 damage)
             ... on level 2 of the Dungeon.
             The game lasted 00:01:16 (1083 turns).

innerfire43 the Ruffian (Gnoll Shapeshifter)        Turns: 1083, Time: 00:01:16

Health: -1/28      AC:  3    Str: 16    XL:     3   Next: 60%
Magic:  4/4        EV: 13    Int:  7    God:
Gold:   70         SH:  0    Dex: 12    Spells: 3/3 levels left

rFire   . .          .
                       - Unarmed
rCold   + . .        (shield currently unavailable)
rNeg    . . .        l - +1 robe {rC+}
rPois   .            (no helmet)
rElec   .            (no cloak)
rCorr   .            (no gloves)
SInv    .            (no boots)
Will    .....        (no amulet)
Stlth   +            e - ring of wizardry
HPRegen 0.24/turn    i - ring of wizardry
MPRegen 0.09/turn

%: wizardry (x2)
@: lethally poisoned (-1 -> -4), flux-form, glowing
A: glow, contaminating, fangs 1, strong nose, distributed training
a: Begin Untransformation


You were on level 2 of the Dungeon.
You were something dangerously unstable.
You visited 1 branch of the dungeon, and saw 2 of its levels.

You collected 70 gold pieces.

Inventory:

Armour
 a - a +0 animal skin
 l - a +1 robe of cold resistance (worn)
Jewellery
 e - a ring of wizardry (left hand)
 g - a ring of positive energy
 i - a ring of wizardry (right hand)
Talismans
 c - a beast talisman
 d - a flux talisman (active)
Scrolls
 h - a scroll of teleportation {unknown}
 j - a scroll of identify {unknown}
 k - a scroll of poison {unknown}
Potions
 b - 2 potions of lignification
 f - 2 potions of curing {unknown}


   Skills:
 + Level 2.6 Fighting
 + Level 0.9 Short Blades
 + Level 0.9 Long Blades
 + Level 0.9 Axes
 + Level 0.9 Maces & Flails
 + Level 0.9 Polearms
 + Level 0.9 Staves
 + Level 0.9 Ranged Weapons
 + Level 0.9 Throwing
 + Level 0.9 Armour
 + Level 4.5 Dodging
 + Level 0.9 Stealth
 + Level 0.9 Shields
 + Level 6.5 Unarmed Combat
 + Level 0.9 Spellcasting
 + Level 0.6 Conjurations
 + Level 0.6 Hexes
 + Level 0.6 Summonings
 + Level 0.6 Necromancy
 + Level 0.6 Translocations
 + Level 0.6 Transmutations
 + Level 0.6 Fire Magic
 + Level 0.6 Ice Magic
 + Level 0.6 Air Magic
 + Level 0.6 Earth Magic
 + Level 0.6 Poison Magic
 + Level 1.0 Invocations
 + Level 0.9 Evocations
 + Level 6.5 Shapeshifting


You had 3 spell levels left.
You didn't know any spells.
Your spell library was empty.

Dungeon Overview and Level Annotations

Branches:
Dungeon (2/15)

Altars:

Shops:
D:1 ?

Annotations:
D:2 Robin


Innate Abilities, Weirdness & Mutations

You are something dangerously unstable.
You glow with magical radiation, making you easy to see and hit.
Foes you strike become dangerously contaminated with magical radiation.
You are incapable of wielding weapons or throwing items.
You have very sharp teeth.
Your uncanny sense of smell can sniff out nearby items.
Your experience applies equally to all skills.


Message History

The goblin shouts!
The adder hisses angrily.
You closely miss the goblin. You bite the goblin.
The goblin is moderately wounded.
There are monsters nearby!
You hit the goblin.
The goblin begins to glow.
The goblin is heavily wounded.
The hobgoblin barely misses you. The goblin hits you with a +0 club.
Robin of the Strong Arm comes into view.
They are wielding a +0 trident.
A goblin comes into view. It is wielding a +0 dagger.
There are monsters nearby!
You hit the goblin.
The goblin glows dangerously bright.
The goblin is severely wounded.
The goblin hits you with a +0 club.
Robin roars a battlecry!
The goblins go into a battle-frenzy!
A goblin comes into view. It is wielding a +0 dagger.
The hobgoblin hits you.
Unknown command.
The goblin attacks as you move away! The goblin completely misses you.
A goblin comes into view. It is wielding a +0 club.
You open the door.
The goblin shouts!
You hear a shout!
The goblin hits you with a +0 club. Robin throws the goblin at you!
The adder barely misses you.
Found a stone staircase leading down.
You barely miss the goblin. Your bite misses the goblin. The adder bites you.
You are poisoned.
The adder poisons you! The goblin closely misses you.
The goblin hits you but does no damage.
You barely miss the goblin.
You feel sick. The adder closely misses you.
You hit the goblin.
You kill the goblin!
You feel sick. The hobgoblin barely misses you.
The goblin hits you with a +0 club. Robin throws the goblin at you!
* * * LOW HITPOINT WARNING * * *
The adder barely misses you.
Unknown command.
You miss the goblin.
You feel sick. The hobgoblin completely misses you.
The goblin hits you with a +0 club.
You die...

#.################
#### #.# .... #.#
..... #.# .....
#.# ∆ ......#.#
......#.######..
.....>ggg.......
#BSg......
##g###.#..
.......ggg....#
##########g...#
.g.. ###### #..
...... . .#####


You could see Robin, an adder, 3 hobgoblins and 6 goblins.

Vanquished Creatures
  A worm (D:2)
  A dart slug (D:2)
  2 ball pythons (D:1)
  2 bats (D:1)
  2 giant cockroaches (D:1)
  7 goblins
  2 hobgoblins (D:1)
  6 jackals (D:1)
  4 quokkas
  2 frilled lizards (D:1)
  2 kobolds (D:1)
  3 rats
34 creatures vanquished.

Notes
Turn   | Place    | Note
-------+----------+-------------------------------------------
     0 | D:1      | innerfire43 the Gnoll Shapeshifter began the quest for the
                  | Orb.
     0 | D:1      | Reached XP level 1. HP: 17/17 MP: 1/1
   102 | D:1      | Reached XP level 2. HP: 5/23 MP: 2/2
   255 | D:1      | Reached XP level 3. HP: 13/28 MP: 3/3
   447 | D:1      | Found Onoqawk's Magic Scroll Emporium.
   826 | D:2      | Reached skill level 1 in Invocations
  1076 | D:2      | Noticed Robin
  1083 | D:2      | Slain by a goblin

Illustrated notes

Levels and vault maps discovered:
D:1:      spicycebolla_green_bress_n_ham_2, layout_rooms, serial_shops, shop,
          minmay_misc_feat_hallway
D:2:      layout_basic, uniq_robin

Skill      XL: |  1  2  3 |
---------------+----------+-----
Invocations    | 1 |  1.0
Fighting       | |  2.6
Short Blades   | |  0.9
Long Blades    | |  0.9
Axes           | |  0.9
Maces & Flails | |  0.9
Polearms       | |  0.9
Staves         | |  0.9
Ranged Weapons | |  0.9
Throwing       | |  0.9
Armour         | |  0.9
Dodging        | |  4.5
Stealth        | |  0.9
Shields        | |  0.9
Unarmed Combat | |  6.5
Spellcasting   | |  0.9
Conjurations   | |  0.6
Hexes          | |  0.6
Summonings     | |  0.6
Necromancy     | |  0.6
Translocations | |  0.6
Transmutations | |  0.6
Fire Magic     | |  0.6
Ice Magic      | |  0.6
Air Magic      | |  0.6
Earth Magic    | |  0.6
Poison Magic   | |  0.6
Evocations     | |  0.9
Shapeshifting  | |  6.5

Action                     || total
---------------------------++-------
  Melee: Unarmed           ||   104
         Bite              ||     7
 Armour: Animal skin       ||    13
         Robe              ||     2
  Dodge: Dodged            ||    82
   Form: Flux              ||     1

Table legend: (Time is in decaauts)
 A = Elapsed time spent in this place.
 B = Non-inter-level travel time spent in this place.
 C = Inter-level travel time spent in this place.
 D = Time resting spent in this place.
 E = Time spent auto-exploring this place.
 F = Levels seen in this place.
 G = Mean time per level.
                   A        B        C        D        E       F      G
               +--------+--------+--------+--------+--------+-----+--------+
         Total |   1071 |   1071 |      0 |      0 |    849 |   2 |  535.5 |
       Dungeon |   1071 |   1071 |      0 |      0 |    849 |   2 |  535.5 |
               +--------+--------+--------+--------+--------+-----+--------+

Top non-repeatable levels by time:
     D:1: 660 daAuts
     D:2: 410 daAuts
